 Dungeon Crawl Stone Soup version 0.28.0-53-g5a82cb258f (webtiles) character file.

Game seed: 4670547561539639881

21 LynnLen the Sneak (level 2, 0/19 HPs)
             Began as a Vampire Enchanter on Aug 8, 2022.
             Slain by Robin
             ... wielding a +2 antimagic short sword
              (2 damage)
             ... on level 2 of the Dungeon.
             The game lasted 00:03:04 (653 turns).

LynnLen the Sneak (Vampire Enchanter)                Turns: 653, Time: 00:03:04

Health: 0/19       AC:  2    Str:  7    XL:     2   Next: 62%
Magic:  0/5        EV: 12    Int: 17    God:
Gold:   15         SH:  0    Dex: 14    Spells: 5/5 levels left

rFire   . . .      SeeInvis +   a - +1 dagger
rCold   . . .      Faith    .   (no shield)
rNeg    . . .      Spirit   .   b - +0 robe
rPois   .          Reflect  .   (no helmet)
rElec   .          Harm     .   (no cloak)
rCorr   .          Rampage  .   (no gloves)
Will    .....                   (no boots)
Stlth   +++.......              (no amulet)
HPRegen 0.26/turn               (no ring)
MPRegen 0.09/turn               (no ring)

@: healing quickly
A: alive, fangs 3, see invisible, vampiric 1
a: Exsanguinate


You were on level 2 of the Dungeon.
You visited 1 branch of the dungeon, and saw 3 of its levels.

You collected 15 gold pieces.

Inventory:

Hand Weapons
 a - a +1 dagger (weapon)
 e - a +0 hunting sling
Missiles
 d - 63 stones (quivered)
Armour
 b - a +0 robe (worn)
Jewellery
 c - a ring of willpower


   Skills:
 * Level 2.5 Short Blades
 - Level 2.1 Dodging
 + Level 5.0 Stealth
 - Level 2.0 Spellcasting
 - Level 4.4 Hexes


You had 5 spell levels left.
You didn't know any spells.
Your spell library contained the following spells:

 Spells                   Type           Power      Damage    Failure   Level
 Confusing Touch          Hex            16%        N/A       10%         3
 Tukima's Dance           Hex            16%        N/A       10%         3
 Ensorcelled Hibernation  Hex/Ice        18%        N/A       12%         2
 Dazzling Flash           Conj/Hex       18%        N/A       24%         3


Dungeon Overview and Level Annotations

Branches:
Dungeon (3/15)

Altars:

Annotations:
D:2 Robin


Innate Abilities, Weirdness & Mutations

Your natural rate of healing is accelerated.
You have razor-sharp teeth.
You have supernaturally acute eyesight. (SInv)
You are afflicted with vampirism.


Message History

You aren't carrying any scrolls.
Unknown command.
Items here: )))) ††††.
There is a stone staircase leading up here.
You climb upwards.
Level annotation: Robin Robin misses you.
There is a stone staircase leading down, spattered with blood here.
You hit Robin.
Robin is lightly wounded.
Robin misses you.
You hit Robin.
Robin is moderately wounded.
Robin hits you with a +2 antimagic short sword.
You feel your power leaking away.
You hit Robin but do no damage.
Robin is moderately wounded.
You closely miss Robin.
Robin is moderately wounded.
Robin says, "A pitiful Vampire like you will never find the ORB!"
Robin completely misses you.
You barely miss Robin.
Robin is moderately wounded.
Robin barely misses you.
You barely miss Robin. Your bite misses Robin.
Robin is moderately wounded.
Robin hits you with a +2 antimagic short sword.
You feel your power leaking away.
You hit Robin.
Robin is moderately wounded.
Robin hits you with a +2 antimagic short sword.
* * * LOW HITPOINT WARNING * * *
You hit Robin.
Robin is moderately wounded.
Robin hits you with a +2 antimagic short sword.
* * * LOW HITPOINT WARNING * * *
You hit Robin.
Robin is heavily wounded.
Robin hits you with a +2 antimagic short sword.
You die...

#.[..# #g#..####
####........
#.......####
#.##.##.#
#.##....#
#.###.##.#### #+##
#.....g..# #...##
#####@#### #.....#
#.##.## ##.......
#.#.>.####........
#.................
###....###........
###.#.# #........
#.....# #.#.....#
#.#.### #.##...##
#.#.# #.# #+##


You could see Robin.

Vanquished Creatures
  A ball python (D:1)
  A giant cockroach (D:2)
  6 goblins
  3 hobgoblins
  4 jackals (D:1)
  2 rats (D:1)
17 creatures vanquished.

Notes
Turn   | Place    | Note
-------+----------+-------------------------------------------
     0 | D:1      | LynnLen the Vampire Enchanter began the quest for the Orb.
     0 | D:1      | Reached XP level 1. HP: 13/13 MP: 3/3
   275 | D:1      | Reached XP level 2. HP: 8/19 MP: 5/5
   467 | D:2      | Noticed Robin
   626 | D:3      | Reached skill level 5 in Stealth
   653 | D:2      | Slain by Robin

Illustrated notes

Levels and vault maps discovered:
D:1:      evilmike_arrival_rings, layout_basic, basic_ecumenical_altar,
          minmay_octomino_j4
D:2:      layout_loops_corners, uniq_robin
D:3:      layout_basic, st_stairs_8

Skill      XL: |  1  2 |
---------------+-------+-----
Short Blades   | 2 |  2.5
Stealth        | 5 |  5.0
Dodging        | |  2.1
Spellcasting   | |  2.0
Hexes          | |  4.4

Action                   || total
-------------------------++-------
Melee: Dagger            ||    89
       Bite              ||     6
  Use: Potion            ||     1
 Stab: Sleeping          ||     2
       Invisible         ||     2
Armor: Robe              ||    12
Dodge: Dodged            ||    72
